 Dungeon Crawl Stone Soup version 0.30-a0-870-gc5d4c5acee (webtiles) character file.

Game seed: 3890498142948173250

6550 avis the Carver (level 10, -3/83 HPs)
             Began as a Demigod Hunter on Mar 11, 2023.
             Slain by a cane toad (9 damage)
             ... on level 1 of the Lair of Beasts on Mar 12, 2023.
             The game lasted 01:13:22 (8989 turns).

avis the Carver (Demigod Hunter)                    Turns: 8989, Time: 01:13:22

Health: -3/83      AC:  9    Str: 12    XL:     10   Next: 42%
Magic:  19/19      EV: 22    Int: 11    God:
Gold:   205        SH:  5    Dex: 29    Spells: 11/17 levels left

rFire   . . .      SeeInvis .    a - +0 long sword
rCold   . . .      Faith    .    (no shield)
rNeg    . . .      Spirit   .    c - +0 leather armour
rPois   .          Reflect  +    n - +0 helmet
rElec   .          Rampage  .    m - +0 cloak
rCorr   .                        (no gloves)
Will    +....                    (no boots)
Stlth   +++                      B - amulet of reflection
HPRegen 0.33/turn                x - +4 ring of protection
MPRegen 0.16/turn                k - +5 ring of evasion

@: hasted, very quick
A: high MP 1, forlorn, divine attributes
a: no special abilities


You were on level 1 of the Lair of Beasts.
You visited 3 branches of the dungeon, and saw 10 of its levels.

You collected 444 gold pieces.
You spent 239 gold pieces at shops.

Inventory:

Hand Weapons
 a - a +0 long sword (weapon)
 b - a +0 arbalest
 s - a +1 heavy hand axe
 w - a +2 dagger of venom
 C - a +0 dagger of venom
 E - a +0 shortbow
Missiles
 h - 3 boomerangs
 t - 6 curare-tipped darts
Armour
 c - a +0 leather armour (worn)
 m - a +0 cloak (worn)
 n - a +0 helmet (worn)
 p - the +1 robe of Impatience {rC+++ Str+2 Dex-4}
   (You found it on level 8 of the Dungeon)

   Str:       It affects your strength (+2).
   Dex:       It affects your dexterity (-4).
   rC:        It renders you almost immune to cold.
Jewellery
 k - a +5 ring of evasion (right hand)
 x - a +4 ring of protection (left hand)
 B - an amulet of reflection (around neck)
 D - a +4 ring of protection
Wands
 f - a wand of polymorph (12)
 r - a wand of paralysis (5)
 v - a wand of light (14)
Scrolls
 d - a scroll of fear {unknown}
 e - 2 scrolls of fog {unknown}
 i - a scroll of poison
 l - 4 scrolls of blinking {unknown}
 y - 3 scrolls of teleportation
 A - 2 scrolls of noise {unknown}
 G - a scroll of amnesia {unknown}
 K - 2 scrolls of magic mapping {unknown}
Potions
 g - a potion of flight
 j - 3 potions of brilliance
 o - a potion of magic
 u - 2 potions of might
 z - a potion of mutation


   Skills:
 - Level 6.0 Fighting
 - Level 10.0 Long Blades
 - Level 4.0 Ranged Weapons
 * Level 5.8 Dodging
 - Level 4.0 Stealth
 - Level 4.0 Spellcasting
 - Level 4.0 Translocations
 - Level 2.0 Transmutations
 - Level 1.0 Air Magic


You had 11 spell levels left.
You knew the following spells:

 Your Spells              Type           Power      Damage    Failure   Level
a - Apportation           Tloc           22%        N/A       6%          1
e - Wereblood             Tmut           6%         N/A       21%         2
h - Vhi's Electric Charg  Tloc/Air       14%        N/A       32%         3

Your spell library contained the following spells:

 Spells                   Type           Power      Damage    Failure   Level
 Sublimation of Blood     Necr           2%         N/A       41%         2
 Airstrike                Air            2%         2d(1-17)  89%         4
 Summon Lightning Spire   Summ/Air       3%         N/A       94%         4
 Alistair's Intoxication  Tmut/Pois      2%         N/A       99%         5
 Arcjolt                  Conj/Air       1%         1d11      100%        5
 Freezing Cloud           Conj/Ice/Air   1%         6-21      100%        5
 Iskenderun's Battlesphe  Conj           2%         2d6       100%        5
 Lightning Bolt           Conj/Air       1%         1d12      100%        5
 Iron Shot                Conj/Erth      1%         9d1       100%        6
 Simulacrum               Ice/Necr       1%         N/A       100%        6
 Spellforged Servitor     Conj/Summ      1%         N/A       100%        7
 Summon Hydra             Summ           1%         N/A       100%        7
 Maxwell's Capacitive Co  Air            2%         ∞         100%        8
 Polar Vortex             Ice            1%         N/A       100%        9


Dungeon Overview and Level Annotations

Branches:
Dungeon (8/15)             Temple (1/1) D:7            Lair (1/5) D:8

Shops:
D:2 !   D:5 (

Annotations:
D:4 1 runed translucent door, exclusion: door, Crazy Yiuf
D:8 glass case with gold


Innate Abilities, Weirdness & Mutations

You have an increased reservoir of magic. (+10% MP)
You shall have no god before yourself.
Your divine heritage dramatically boosts your attributes as you level up.


Message History

You slash the wolf!
The wolf is moderately wounded.
You block the wolf's attack.
Okay, then.
Okay, then.
You feel yourself speed up. The wolf bites you!
* * * LOW HITPOINT WARNING * * *
You block the wolf's attack.
You barely miss the wolf.
The wolf is moderately wounded.
The wolf barely misses you.
You closely miss the wolf.
The wolf is moderately wounded.
You block the wolf's attack.
You slash the wolf!
You kill the wolf!
You slash the cane toad!
The cane toad is moderately wounded.
You barely miss the cane toad.
The cane toad is moderately wounded.
The cane toad stings you but does no damage.
You hit the cane toad.
The cane toad is moderately wounded.
The cane toad closely misses you.
You hit the cane toad but do no damage.
The cane toad is moderately wounded.
The cane toad stings you!
* * * LOW HITPOINT WARNING * * *
You barely miss the cane toad.
The cane toad is moderately wounded.
You hit the cane toad but do no damage.
The cane toad is moderately wounded.
The cane toad misses you.
You hit the cane toad but do no damage.
The cane toad is moderately wounded.
You block the cane toad's attack.
You hit the cane toad.
The cane toad is moderately wounded.
The cane toad stings you!
You die...

.. .#+# ##... #..#
###.#### .
###########....... ...
....##...........
##..###†#.#..##....<...
#...hF@.#...####.......
...#.###$P.#..#
#....... #...+.##
#....... #.#.###
#....... #...# #.......
##### ###.#### #.


You could see a cane toad and a wolf.

Vanquished Creatures
  Pikel (D:4)
  A cane toad (Lair:1)
  A rime drake (D:8)
  2 hornets (D:8)
  Grinder (D:6)
  Sigmund (D:2)
  10 yaks
  A water moccasin (D:8)
  Duvessa (D:6)
  9 ice beasts
  An orc warrior (D:8)
  A black bear (D:5)
  An ogre (D:5)
  8 wolves
  3 centaurs (D:7)
  A phantom (D:7)
  4 lemures
  A scorpion (D:4)
  2 bullfrogs
  Dowan (D:6)
  A howler monkey (D:6)
  A jelly (D:7)
  4 hounds
  7 orc priests
  Jessica (D:3)
  6 iguanas
  4 orc wizards
  Robin (D:2)
  4 gnolls
  6 adders
  A shadow imp (D:8)
  A white imp (D:8)
  3 worms (D:2)
  2 dart slugs
  18 orcs
  8 bats
  10 endoplasms
  6 giant cockroaches
  11 goblins
  11 hobgoblins
  3 jackals (D:2)
  6 kobolds
  3 quokkas
  9 ball pythons
  3 frilled lizards (D:1)
  6 rats
187 creatures vanquished.

Vanquished Creatures (others)
  4 fungi (D:6)
  12 plants
16 creatures vanquished.

Grand Total: 203 creatures vanquished

Notes
Turn   | Place    | Note
-------+----------+-------------------------------------------
     0 | D:1      | avis the Demigod Hunter began the quest for the Orb.
     0 | D:1      | Reached XP level 1. HP: 17/17 MP: 3/3
    89 | D:1      | Reached XP level 2. HP: 24/24 MP: 4/4
   143 | D:1      | Reached skill level 1 in Stealth
   211 | D:1      | Reached skill level 1 in Spellcasting
   287 | D:1      | Reached XP level 3. HP: 30/30 MP: 6/6
   711 | D:2      | Noticed Robin
   727 | D:2      | Killed Robin
   805 | D:2      | Learned a level 3 spell: Vhi's Electric Charge
   823 | D:2      | Reached XP level 4. HP: 38/38 MP: 8/8
   823 | D:2      | Found Wibohi's Distillery.
   840 | D:2      | Bought a potion of degeneration for 10 gold pieces
   840 | D:2      | Bought a potion of heal wounds for 50 gold pieces
   989 | D:2      | Noticed Sigmund
  1014 | D:2      | Killed Sigmund
  1015 | D:2      | Reached XP level 5. HP: 33/45 MP: 8/10
  1449 | D:3      | Reached skill level 1 in Air Magic
  1813 | D:3      | Noticed Jessica
  1816 | D:3      | Killed Jessica
  1817 | D:3      | Reached XP level 6. HP: 51/51 MP: 11/11
  2261 | D:3      | Learned a level 1 spell: Apportation
  2658 | D:4      | Noticed Pikel
  3277 | D:4      | Killed Pikel
  3278 | D:4      | Reached XP level 7. HP: 31/59 MP: 11/14
  3806 | D:4      | Found a runed translucent door.
  3807 | D:4      | Noticed Crazy Yiuf
  4087 | D:5      | Entered Level 5 of the Dungeon
  4240 | D:5      | Found Xengosku's Weapon Shoppe.
  4255 | D:5      | Bought a +0 falchion for 39 gold pieces
  4337 | D:2      | Bought a potion of haste for 100 gold pieces
  4337 | D:2      | Bought a potion of brilliance for 40 gold pieces
  4436 | D:5      | Learned a level 2 spell: Wereblood
  4444 | D:5      | Reached skill level 5 in Fighting
  4548 | D:5      | Reached skill level 1 in Long Blades
  4548 | D:5      | Reached XP level 8. HP: 68/68 MP: 15/15
  4569 | D:5      | Reached skill level 2 in Long Blades
  4920 | D:6      | Noticed Duvessa
  4920 | D:6      | Noticed Dowan
  4935 | D:6      | Killed Duvessa
  4936 | D:6      | Reached skill level 3 in Long Blades
  4952 | D:6      | Killed Dowan
  5229 | D:6      | Reached skill level 4 in Long Blades
  5541 | D:6      | Noticed Grinder
  5575 | D:6      | Reached skill level 5 in Long Blades
  5583 | D:6      | Killed Grinder
  5631 | D:6      | Reached skill level 6 in Long Blades
  6057 | D:7      | Found a staircase to the Ecumenical Temple.
  6073 | Temple   | Entered the Ecumenical Temple
  6251 | D:7      | Reached skill level 5 in Dodging
  6258 | D:7      | Reached XP level 9. HP: 68/74 MP: 16/16
  6893 | D:8      | Identified the +1 robe of Impatience {rC+++ Str+2 Dex-4}
  6945 | D:8      | Paralysed by a hornet for 2 turns
  7202 | D:8      | Noticed a rime drake
  7331 | D:8      | Killed a rime drake
  7397 | D:8      | Reached skill level 7 in Long Blades
  7518 | D:8      | Noticed Maurice
  7571 | D:8      | Maurice changed into Maurice the bat
  7571 | D:8      | Noticed Maurice
  7574 | D:8      | Killed Maurice the bat
  7733 | D:8      | Found a staircase to the Lair.
  8064 | D:8      | Reached skill level 8 in Long Blades
  8088 | D:8      | Reached XP level 10. HP: 41/83 MP: 19/19
  8718 | Lair:1   | Entered Level 1 of the Lair of Beasts
  8741 | D:8      | Reached skill level 9 in Long Blades
  8963 | Lair:1   | Reached skill level 10 in Long Blades
  8989 | Lair:1   | Slain by a cane toad

Illustrated notes

Levels and vault maps discovered:
D:1:      amcnicky_arrival_blooded_trapdoor, layout_rooms,
          minmay_worlds_worst_comb
D:2:      layout_basic, serial_shops, nicolae_shop_waterfront,
          nicolae_ecumenical_snake_handling, uniq_sigmund, uniq_robin
D:3:      layout_loops_cross, tgw_sif, lemuel_round_altar,
          kiku_gazebo_garden_becter
D:4:      wad_lake_hut, layout_basic, mainiacjoe_overflow_six_doors_small,
          cheibriados_altar_1, item_on_display_b, uniq_crazy_yiuf_cottage,
          uniq_pikel
D:5:      layout_cave_pools, kennysheep_okawaru_gauntlet,
          overflow_temple_1_default, nicolae_ru_sacrificial_ziggurat,
          serial_shops, nicolae_square_shop, chequers_serial_rivers_room_b
D:6:      layout_basic, nicolae_uskayaw_dance_hall,
          mainiacjoe_overflow_boulevard, serial_curves, eino_curves_02,
          eino_curves_03, uniq_duvessa, uniq_grinder
D:7:      layout_basic, makhleb_blood_cavern_becter,
          minmay_temple_entry_mini_moons
D:8:      layout_basic, bloody_trog, nicolae_gozag_conspicuous_consumption,
          hellmonk_lair_entry_icy, uniq_maurice
Temple:   chequers_temple_sunken
Lair:1:   layout_roguey, minmay_holes, hibernation_bobbens

Skill      XL: |  1  2  3  4  5  6  7  8  9 10 |
---------------+-------------------------------+-----
Fighting       | 2 3 4 5 6 |  6.0
Ranged Weapons | 4 |  4.0
Dodging        | 2 3 4 5 |  5.8
Stealth        | 1 2 3 4 |  4.0
Spellcasting   | 1 2 3 4 |  4.0
Translocations | 2 3 4 |  4.0
Air Magic      | 1 |  1.0
Long Blades    | 1 6 8 10 | 10.0
Transmutations | 2 |  2.0

Action                     |  1- 3 |  4- 6 |  7- 9 | 10-12 || total
---------------------------+-------+-------+-------+-------++-------
  Melee: Dagger            |       |   106 |    75 |       ||   181
         Falchion          |       |       |    13 |       ||    13
         Punch             |       |       |     5 |     5 ||    10
         Long sword        |       |       |   170 |   131 ||   301
   Fire: Shortbow          |   114 |   105 |   151 |    10 ||   380
         Arbalest          |       |       |       |     8 ||     8
   Cast: Wereblood         |       |       |     1 |       ||     1
         Vhi's Electric Ch |       |       |     1 |       ||     1
  Evoke: Wand              |       |       |     5 |       ||     5
    Use: Potion            |       |     5 |     3 |     2 ||    10
         Scroll            |       |       |     7 |       ||     7
   Stab: Invisible         |       |       |     1 |       ||     1
 Armour: Leather armour    |    15 |    33 |    42 |    26 ||   116
         Skin              |       |       |     5 |       ||     5
  Dodge: Dodged            |    30 |    71 |   182 |   100 ||   383
  Block: Other             |       |    23 |    45 |    35 ||   103
         Reflection        |       |       |     3 |     1 ||     4

Table legend: (Time is in decaauts)
 A = Elapsed time spent in this place.
 B = Non-inter-level travel time spent in this place.
 C = Inter-level travel time spent in this place.
 D = Time resting spent in this place.
 E = Time spent auto-exploring this place.
 F = Levels seen in this place.
 G = Mean time per level.
                   A        B        C        D        E       F      G
               +--------+--------+--------+--------+--------+-----+--------+
         Total |   9137 |   8025 |   1112 |   1741 |   3911 |  10 |  913.7 |
       Dungeon |   9037 |   7925 |   1112 |   1741 |   3904 |   8 | 1129.6 |
        Temple |     14 |     14 |      0 |      0 |      0 |   1 |   14.0 |
          Lair |     85 |     85 |      0 |      0 |      7 |   1 |   85.0 |
               +--------+--------+--------+--------+--------+-----+--------+

Top non-repeatable levels by time:
     D:8: 2009 daAuts
     D:4: 1614 daAuts
     D:3: 1245 daAuts
     D:6: 985 daAuts
     D:2: 934 daAuts
     D:7: 812 daAuts
     D:5: 760 daAuts
     D:1: 674 daAuts
  Lair:1: 85 daAuts
  Temple: 14 daAuts
